 Dungeon Crawl Stone Soup version 0.28.0-53-g5a82cb258f (webtiles) character file.

Game seed: 11392123671565692613

55 Descartes the Grasshopper (level 4, -1/34 HPs)
             Began as a Formicid Warper on June 13, 2022.
             Succumbed to an adder's poison
             ... on level 2 of the Dungeon.
             The game lasted 00:02:41 (1933 turns).

Descartes the Grasshopper (Formicid Warper)         Turns: 1933, Time: 00:02:43

Health: -1/34      AC:  3    Str: 18    XL:     4   Next: 14%
Magic:  8/8        EV: 11    Int: 12    God:
Gold:   34         SH:  0    Dex: 10    Spells: 8/8 levels left

rFire   . . .      SeeInvis +   a - +0 hand axe
rCold   . . .      Faith    .   (no shield)
rNeg    . . .      Spirit   .   b - +0 leather armour
rPois   .          Reflect  .   (helmet unavailable)
rElec   .          Harm     .   (no cloak)
rCorr   .          Rampage  .   (no gloves)
Will    .....                   (no boots)
Stlth   +.........              (no amulet)
HPRegen 0.11/turn               (no ring)
MPRegen 0.11/turn               (no ring)

@: lethally poisoned (-1 -> -8)
A: permanent stasis, dig shafts and tunnels, antennae 3, four strong arms
a: Dig, Shaft Self


You were on level 2 of the Dungeon.
You visited 1 branch of the dungeon, and saw 2 of its levels.

You collected 34 gold pieces.

Inventory:

Hand Weapons
 a - a +0 hand axe (weapon)
 l - a +0 dagger of electrocution
Missiles
 c - 5 boomerangs of dispersal (quivered)
 d - 2 javelins
 e - 24 sling bullets
 h - a throwing net
 j - 13 stones
Armour
 b - a +0 leather armour (worn)
Jewellery
 m - an amulet of the acrobat
Scrolls
 g - a scroll of fog {unknown}
 i - 2 scrolls of identify {unknown}
 k - a scroll of vulnerability {unknown}
Potions
 f - a potion of invisibility {unknown}


   Skills:
 + Level 2.7 Fighting
 + Level 2.3 Axes
 - Level 1.0 Throwing
 + Level 1.7 Armour
 - Level 1.8 Dodging
 + Level 1.2 Shields
 + Level 2.6 Spellcasting
 + Level 3.0 Translocations


You had 8 spell levels left.
You didn't know any spells.
Your spell library contained the following spells:

 Spells                   Type           Power      Damage    Failure   Level
 Gell's Gravitas          Tloc           8%         N/A       26%         3
 Lesser Beckoning         Tloc           8%         N/A       26%         3
 Teleport Other           Tloc           8%         N/A       26%         3
 Beastly Appendage        Tmut           2%         N/A       30%         1
 Slow                     Hex            4%         N/A       30%         1
 Ensorcelled Hibernation  Hex/Ice        2%         N/A       41%         2
 Wereblood                Tmut           1%         N/A       41%         2
 Ozocubu's Armour         Ice            1%         N/A       65%         3
 Spider Form              Tmut/Pois      1%         N/A       65%         3
 Manifold Assault         Tloc           8%         N/A       94%         5
 Leda's Liquefaction      Hex/Erth       0%         N/A       96%         4
 Blink                    Tloc           Unusable   N/A       N/A         2

Dungeon Overview and Level Annotations

Branches:
Dungeon (2/15)

Altars:

Shops:
D:1 (


Innate Abilities, Weirdness & Mutations

You cannot be hasted, slowed, berserked, paralysed or teleported.
You can dig through walls and to a lower floor.
You have a pair of large antennae on your head. (SInv)
Your four strong arms can wield two-handed weapons with a shield.


Message History

You feel very sick. The adder bites you.
You are more poisoned.
The adder poisons you! The adder closely misses you.
You hit the adder.
The adder is heavily wounded.
You feel very sick. The adder bites you but does no damage.
You are too injured to fight recklessly!
You are too injured to fight recklessly!
You are too injured to fight recklessly!
You are too injured to fight recklessly!
You are too injured to fight recklessly!
You are too injured to fight recklessly!
You are too injured to fight recklessly!
You are too injured to fight recklessly!
You closely miss the adder.
The adder is heavily wounded.
You feel very sick. The adder barely misses you. The adder bites you.
You miss the adder.
The adder is heavily wounded.
You feel sick. The adder bites you.
* * * LOW HITPOINT WARNING * * *
You are lethally poisoned!
The adder poisons you!
You closely miss the adder.
The adder is heavily wounded.
* * * LOW HITPOINT WARNING * * *
You feel very sick. The adder barely misses you.
The adder bites you but does no damage.
You closely miss the adder.
The adder is moderately wounded.
* * * LOW HITPOINT WARNING * * *
You feel very sick. The adder misses you.
Unknown command.
You hit the adder but do no damage.
The adder is moderately wounded.
You die...

.### .# ..###.# #.# #.....#
#.. .. #.#..######. .. #.
##.<......... .. #.#
##.....###### .
#..####..###.### .#
#.#....## #.(.### #.#
#.....## ###S@.##..#
##†##.# ##.......#
###..##.#####......###
......#....#........#
......####..........#######
...........................
......####........#..#####
......# ##.#.....##.#
####### #........#.#


You could see an adder.

Vanquished Creatures
  2 adders (D:2)
  3 endoplasms (D:1)
  2 giant cockroaches (D:1)
  2 goblins (D:1)
  5 hobgoblins
  2 quokkas
  5 ball pythons (D:1)
  4 bats
  A frilled lizard (D:2)
  4 kobolds
  3 rats
33 creatures vanquished.

Notes
Turn   | Place    | Note
-------+----------+-------------------------------------------
     0 | D:1      | Descartes the Formicid Warper began the quest for the Orb.
     0 | D:1      | Reached XP level 1. HP: 16/16 MP: 3/3
    39 | D:1      | Found Vaupt's Antique Weapon Shoppe.
   346 | D:1      | Reached XP level 2. HP: 22/22 MP: 5/5
   628 | D:1      | Found a faded altar of an unknown god.
   918 | D:1      | You fall into a shaft and drop 1 floor!
   925 | D:2      | Reached XP level 3. HP: 12/28 MP: 6/6
  1272 | D:1      | Reached skill level 1 in Shields
  1705 | D:2      | Reached skill level 3 in Translocations
  1705 | D:2      | Reached XP level 4. HP: 20/34 MP: 7/7
  1801 | D:2      | Got the Volume of Cold and Curses
  1932 | D:2      | HP: 1/34 [poisoned by an adder]
  1933 | D:2      | Succumbed to an adder's poison

Illustrated notes

Levels and vault maps discovered:
D:1:      mrwooster_arrival_arrow, layout_loops_ring,
          chequers_ecumenical_altar_island, serial_shops,
          nicolae_lakefront_shop, amethyst_killhole
D:2:      layout_rooms

Skill      XL: |  1  2  3 |
---------------+----------+-----
Shields        | 1 |  1.2
Translocations | 3 |  3.0
Fighting       | |  2.7
Axes           | |  2.3
Throwing       | |  1.0
Armour         | |  1.7
Dodging        | |  1.8
Spellcasting   | |  2.6

Action                   |  1- 3 |  4- 6 || total
-------------------------+-------+-------++-------
Melee: Hand axe          |    90 |    15 ||   105
       Punch             |     2 |       ||     2
Armor: Leather armour    |    28 |     4 ||    32
Dodge: Dodged            |    56 |     7 ||    63
